 Dungeon Crawl Stone Soup version 0.19.3-4-gbf9329e (webtiles) character file.

461 Patate the Covert (level 6, -8/28 HPs)
             Began as a Spriggan Enchanter on Jan 27, 2017.
             Killed by divine providence
             ... invoked by an orc priest
              (12 damage)
             ... on level 4 of the Dungeon.
             The game lasted 00:19:44 (5511 turns).

Patate the Covert (Spriggan Enchanter)              Turns: 5511, Time: 00:19:45

Health: -8/28      AC:  3    Str:  6    XL:     6   Next: 79%
Magic:  7/11       EV: 21    Int: 17    God:
Gold:   134        SH:  0    Dex: 16    Spells: 3 memorised, 4 levels left

rFire  . . .     SeeInvis +     a - +2 dagger
rCold  . . .     Gourm    .     b - +1 robe
rNeg   . . .     Faith    .     (shield restricted)
rPois  .         Spirit   .     (helmet restricted)
rElec  .         Reflect  .     (no cloak)
rCorr  .         Harm     .     (gloves unavailable)
MR     +....                    (boots unavailable)
Stlth  ++++......               (no amulet)
                                (no ring)
                                (no ring)

@: very quick
A: unfitting armour, see invisible, herbivore 3, speed 3, slow metabolism 2
a: no special abilities


You were on level 4 of the Dungeon.
You were not hungry.

You visited 1 branch of the dungeon, and saw 4 of its levels.

You collected 134 gold pieces.

Inventory:

Hand Weapons
 a - a +2 dagger (weapon)
Armour
 b - a +1 robe (worn)
Jewellery
 h - a +2 ring of evasion {unknown}
Wands
 i - a wand of disintegration (17/24)
 k - a wand of random effects (28/48)
Scrolls
 e - a scroll of recharging {unknown}
 g - 2 scrolls of enchant weapon
 j - 3 scrolls of identify
 l - 2 scrolls of random uselessness
 n - a scroll of immolation {unknown}
 o - a scroll of remove curse
Potions
 f - a potion of resistance
 m - a potion of flight
Books
 c - a book of Maledictions

   Spells                             Type                      Level
   a - Corona                         Hexes                        1
   b - Ensorcelled Hibernation        Hexes/Ice                    2
   c - Confuse                        Hexes                        3
   d - Tukima's Dance                 Hexes                        3
   e - Dazzling Spray                 Conjuration/Hexes            3
Comestibles
 d - 2 bread rations


   Skills:
 + Level 3.2 Short Blades
 + Level 5.9 Dodging
 * Level 9.4 Stealth
 - Level 2.6 Spellcasting
 - Level 3.6 Hexes


You had 4 spell levels left.
You knew the following spells:

 Your Spells              Type           Power        Failure   Level  Hunger
a - Corona                Hex            ##.....      4%          1    #......
b - Ensorcelled Hibernat  Hex/Ice        #.....       17%         2    ##.....
c - Confuse               Hex            ##......     14%         3    ###....


Dungeon Overview and Level Annotations

Branches:
Dungeon (4/15)
 Temple: D:4-7

Altars:
Fedhas
The Shining One

Annotations:
D:3 Grinder


Innate Abilities, Weirdness & Mutations

You are very small and have problems with some larger weapons.
You are too small for most types of armour.
You have supernaturally acute eyesight. (SInv)
You are a herbivore.
You cover ground extremely quickly.
You need consume almost no food.


Message History

You hit the worm.
The worm is moderately wounded.
The worm closely misses you.
Casting: Ensorcelled Hibernation
Confirm with . or Enter, or press ? or * to list all spells.
Aiming: Ensorcelled Hibernation
Press: ? - help, Shift-Dir - straight line, f/p - worm
Aim: a worm (lightly wounded, chance to defeat MR: 49%)
The worm resists with some effort.
You hit the worm.
The worm is moderately wounded.
The orc priest completely misses you. The worm barely misses you.
The orc priest miscasts a cantrip.
The orc priest mumbles some strange prayers to Beogh against you.
Beogh smites you!
Ouch! That really hurt!
* * * LOW HITPOINT WARNING * * *
The orc priest invokes the aid of Beogh against you.
Beogh smites you!
You die...

# ##.....##..#. ##.... #
#.......##..# ##..... #........##
##...... ##### ##....wo...##
#....... ....# #...........#
.oo..... ....##
##........#..#..o...... .....#
#.......## .#lo.$..... .....#
#.......# .......... .....#
##...@..# ........... .....#
#.....####..........$ .....#
######...............
.....########(.........>.........
....#.##.....####................
....#....########................
...##.##.......##................
#########...########.####........
##### ### #####...


You could see a worm and an orc priest.

Vanquished Creatures
  An ogre (D:4)
  A centaur (D:4)
  Blork the orc (D:4)
  An orc wizard (D:3)
  A worker ant (D:1)
  Robin (D:2)
  5 adders
  5 worms
  4 dart slugs
  A leopard gecko (D:2)
  10 orcs
  2 ball pythons
  8 bats
  4 giant cockroaches
  4 hobgoblins
  8 jackals
  A quokka (D:2)
  4 frilled lizards
  18 goblins
  A jackal skeleton (D:4)
  7 kobolds
  6 rats
94 creatures vanquished.

Notes
Turn   | Place    | Note
-------+----------+-------------------------------------------
     0 | D:1      | Patate the Spriggan Enchanter began the quest for the Orb.
     0 | D:1      | Reached XP level 1. HP: 9/9 MP: 5/5
   240 | D:1      | Reached skill level 5 in Stealth
   240 | D:1      | Reached XP level 2. HP: 12/13 MP: 6/6
   507 | D:1      | Learned a level 2 spell: Ensorcelled Hibernation
   791 | D:1      | Reached XP level 3. HP: 11/16 MP: 4/8
  1004 | D:1      | Reached skill level 6 in Stealth
  1472 | D:1      | Learned a level 3 spell: Confuse
  1737 | D:2      | Reached XP level 4. HP: 21/21 MP: 9/9
  1796 | D:2      | Found a faded altar of an unknown god.
  1983 | D:2      | Reached skill level 7 in Stealth
  2469 | D:2      | Noticed Robin
  2874 | D:2      | Reached XP level 5. HP: 20/24 MP: 5/10
  2887 | D:2      | Killed Robin
  2982 | D:3      | Noticed Grinder
  3019 | D:3      | Reached skill level 5 in Dodging
  3275 | D:3      | Found a blossoming altar of Fedhas.
  3424 | D:2      | Reached skill level 8 in Stealth
  4892 | D:4      | Noticed an ogre
  4896 | D:4      | Killed an ogre
  4896 | D:4      | Reached XP level 6. HP: 28/28 MP: 11/11
  5237 | D:4      | Noticed Blork the orc
  5248 | D:4      | Killed Blork the orc
  5248 | D:4      | Reached skill level 9 in Stealth
  5497 | D:4      | Found a glowing golden altar of the Shining One.
  5511 | D:4      | Killed from afar by an orc priest

Skill      XL: |  1  2  3  4  5  6 |
---------------+-------------------+-----
Stealth        | 5 6 7 8 9 |  9.4
Dodging        | 4 5 |  5.9
Short Blades   | 2 3 |  3.2
Spellcasting   | |  2.6
Hexes          | |  3.6

Action                   |  1- 3 |  4- 6 || total
-------------------------+-------+-------++-------
Melee: Dagger            |   166 |   228 ||   394
 Cast: Ensorcelled Hiber |     6 |    37 ||    43
       Confuse           |       |     2 ||     2
  Use: Scroll            |       |     7 ||     7
 Stab: Sleeping          |     8 |    31 ||    39
       Confused          |       |     1 ||     1
  Eat: Pizza             |       |     1 ||     1
       Bread ration      |       |     1 ||     1
Armor: Robe              |    24 |    20 ||    44
Dodge: Dodged            |   155 |   201 ||   356
